 Dungeon Crawl Stone Soup version 0.17-a0-1651-gae1a69f (webtiles) character file.

228 Sachiko the Charlatan (level 6, -2/36 HPs)
             Began as a Kobold Artificer on Aug 12, 2015.
             Killed from afar by an orc wizard (4 damage)
             ... with a magic dart
             ... on level 3 of the Dungeon on Aug 14, 2015.
             The game lasted 00:15:14 (3520 turns).

Sachiko the Charlatan (Kobold Artificer)            Turns: 3520, Time: 00:15:14

Health: -2/36      AC:  6    Str: 10      XL:     6   Next: 23%
Magic:  9/9        EV: 17    Int:  8 (10) God:
Gold:   148        SH:  0    Dex: 18      Spells: 0 memorised, 5 levels left

rFire  . . .     SeeInvis .     a - +1 short sword
rCold  . . .     Clarity  .     b - +0 leather armour
rNeg   . . .     SustAt   .     (shield restricted)
rPois  .         Gourm    .     (no helmet)
rElec  .         Spirit   .     (no cloak)
rCorr  .         Warding  .     (no gloves)
rMut   .         Stasis   .     (no boots)
MR     .....                    i - amulet of faith
Stlth  ++........               (no ring)
                                l - +3 ring of protection

@: slowed, very slow, not resistant to hostile enchantments, unstealthy
A: carnivore 3
a: no special abilities


You were on level 3 of the Dungeon.
You were very full.

You visited 1 branch of the dungeon, and saw 3 of its levels.

You collected 148 gold pieces.

Inventory:

Hand weapons
 a - a +1 short sword (weapon)
Armour
 b - a +0 leather armour (worn)
 o - a +1 ring mail
Jewellery
 i - an amulet of faith (around neck)
 l - a +3 ring of protection (left hand)
Magical devices
 c - a wand of flame (2)
 d - a wand of enslavement (13)
 e - a wand of random effects (6)
Scrolls
 g - a scroll of identify
 h - 2 scrolls of enchant armour
Potions
 q - a potion of invisibility
Comestibles
 f - 2 meat rations
 j - a royal jelly
 s - a beef jerky


   Skills:
 + Level 2.4 Fighting
 + Level 3.0 Short Blades
 + Level 4.9 Dodging
 + Level 2.5 Stealth
 + Level 5.0 Evocations


You had 5 spell levels left.
You didn't know any spells.

Dungeon Overview and Level Annotations

Branches:
Dungeon (3/15)

Altars:
Okawaru
Zin

Annotations:
D:3 Robin


Innate Abilities, Weirdness & Mutations

You are small and have problems with some larger weapons.
You are carnivorous and can eat meat at any time.


Message History

The orc wizard is severely wounded.
The orc wizard barely misses you. Robin misses you.
The orc wizard casts a spell at you. The magic dart hits you!
* * * LOW HITPOINT WARNING * * *
You hit the orc wizard.
The orc wizard is almost dead.
The orc wizard misses you. Robin barely misses you.
The orc wizard casts a spell.
The orc wizard blinks!
Robin hits you but does no damage.
The orc wizard gestures at you while chanting.
The magic dart hits you!
* * * LOW HITPOINT WARNING * * *
There is an open door here.
Robin hits you but does no damage. The orc wizard casts a spell at you.
You resist with some effort. The orc wizard casts a spell at you.
The magic dart hits you!
You die...

#...# #...# ###### #...# .....
#...# ....### #...# ....'. #o..#
######
....###########...######....#####
....'..).))oog'.............'(...
....###########.@.######....#####
...... ##'## #)........ ......oo
##..######..####### #.....g..#
#........#..# ### # #....g..h#
#........##.####### ##########
#........##...'_'..
#........##.###'### ####'######.#
#.# # ##.######.###.###


You could see Robin, an orc wizard and 2 orcs.

Vanquished Creatures
  An orc wizard (D:3)
  4 gnolls (D:3)
  9 adders
  3 giant geckos
  11 orcs (D:3)
  7 bats
  4 giant cockroaches
  3 hobgoblins
  2 jackals (D:3)
  8 kobolds
  A quokka (D:3)
  4 giant newts
  13 goblins
  10 rats
80 creatures vanquished.

Notes
Turn   | Place    | Note
--------------------------------------------------------------
     0 | D:1      | Sachiko the Kobold Artificer began the quest for the Orb.
     0 | D:1      | Reached XP level 1. HP: 12/12 MP: 3/3
   197 | D:1      | Reached skill level 4 in Evocations
   197 | D:1      | Reached XP level 2. HP: 14/16 MP: 5/5
   827 | D:1      | Reached XP level 3. HP: 18/20 MP: 6/6
  1690 | D:2      | Found an iron altar of Okawaru.
  1801 | D:2      | Reached XP level 4. HP: 20/25 MP: 7/7
  2000 | D:2      | Found a faded altar to an unknown god.
  2230 | D:3      | Reached XP level 5. HP: 8/30 MP: 8/8
  2521 | D:3      | Found a glowing silver altar of Zin.
  2785 | D:3      | Upgraded the game from 0.17-a0-1647-gb11a595 to 0.17-a0-1651-gae1a69f
  2985 | D:3      | Reached XP level 6. HP: 4/36 MP: 9/9
  3406 | D:3      | Noticed Robin
  3496 | D:3      | Reached skill level 5 in Evocations
  3518 | D:3      | HP: 1/36 [orc wizard/magic dart (7)]
  3520 | D:3      | Killed from afar by an orc wizard

Vault maps used:
D:1:      dpeg_arrival_refuge, kennysheep_flooded_box
D:2:      okawaru_trees_1, ecumenical_altar_2
D:3:      lemuel_doored_altar, saegor_snake_ambush, uniq_robin

Action                   |  1- 3 |  4- 6 || total
-------------------------+-------+-------++-------
Melee: Short sword       |   138 |   253 ||   391
Evoke: Wand              |     1 |    23 ||    24
  Use: Scroll            |     2 |     4 ||     6
       Potion            |       |     6 ||     6
 Stab: Sleeping          |       |     2 ||     2
  Eat: Chunk             |     4 |    12 ||    16
